 Dungeon Crawl Stone Soup version 0.29-a0-9-g022ca4c890 (webtiles) character file.

Game seed: 475689833889222475

2110 Grim the Spear-Bearer (level 9, -8/70 HPs)
             Began as a Minotaur Fighter on Jan 28, 2022.
             Was an Initiate of Gozag.
             Succumbed to a kobold brigand's curare-tipped dart
             ... on level 7 of the Dungeon.
             The game lasted 00:13:25 (8248 turns).

Grim the Spear-Bearer (Minotaur Fighter)            Turns: 8248, Time: 00:13:26

Health: -8/70      AC: 12    Str: 22    XL:     9   Next: 7%
Magic:  8/8        EV:  7    Int:  9    God:    Gozag
Gold:   454        SH:  4    Dex:  9    Spells: 8/8 levels left

rFire   . . .      SeeInvis .   a - +0 trident
rCold   + . .      Faith    .   c - +0 buckler
rNeg    . . .      Spirit   .   G - +0 chain mail
rPois   .          Reflect  .   (helmet restricted)
rElec   .          Harm     .   (no cloak)
rCorr   .          Rampage  .   (no gloves)
Will    .....                   w - +2 pair of boots
Stlth   ..........              (no amulet)
HPRegen 0.21/turn               e - ring of protection from cold
MPRegen 0.11/turn               (no ring)

@: lethally poisoned (-8 -> -43), gold aura, slowed, very slow
A: horns 2, retaliatory headbutt
a: Renounce Religion, Potion Petition, Call Merchant, Bribe Branch


You were on level 7 of the Dungeon.
You worshipped Gozag.
Gozag was aware of your devotion.
You visited 2 branches of the dungeon, and saw 9 of its levels.
You also visited: Sewer.

You collected 543 gold pieces.
You paid 89 gold pieces to Gozag.

Inventory:

Hand Weapons
 a - a +0 trident (weapon)
Missiles
 h - 136 stones
 l - 3 throwing nets (quivered)
 x - 5 boomerangs
 y - 25 poisoned darts
 F - a curare-tipped dart
Armour
 c - a +0 buckler (worn)
 w - a +2 pair of boots (worn)
 G - a +0 chain mail (worn)
Jewellery
 e - a ring of protection from cold (left hand)
 t - the amulet "Soaboit" {RegenMP Rampage Drain rPois}
   (You found it on level 4 of the Dungeon)

   [amulet of magic regeneration]

   It increases your rate of magic regeneration.
   rPois:     It protects you from poison.
   Drain:     It drains your maximum health when unequipped.
   Rampage:   It bestows one free step when moving towards enemies.
 u - a ring of magical power
Wands
 b - a wand of iceblast (15)
 s - a wand of digging (4)
 D - a wand of acid (8)
Scrolls
 d - 2 scrolls of blinking
 i - a scroll of acquirement {unknown}
 k - 6 scrolls of teleportation
 n - 2 scrolls of immolation {unknown}
 o - 2 scrolls of identify {unknown}
 v - 2 scrolls of fear {unknown}
 A - 3 scrolls of noise
 B - a scroll of vulnerability {unknown}
 E - a scroll of enchant armour {unknown}
Potions
 f - a potion of mutation {unknown}
 g - 2 potions of curing
 j - a potion of brilliance {unknown}
 m - a potion of magic {unknown}
 p - a potion of berserk rage {unknown}
 q - 5 potions of flight
 r - a potion of haste {unknown}
 z - a potion of lignification {unknown}
 C - a potion of might
 H - a potion of heal wounds


   Skills:
 - Level 3.6 Fighting
 + Level 14.2 Polearms
 - Level 3.6 Armour
 - Level 3.6 Shields


You had 8 spell levels left.
You didn't know any spells.
Your spell library contained the following spells:

 Spells                   Type           Power      Damage    Failure   Level
 Slow                     Hex            0%         N/A       99%         1
 Confusing Touch          Hex            0%         N/A       100%        3
 Tukima's Dance           Hex            0%         N/A       100%        3
 Vampiric Draining        Necr           0%         2d6       100%        3
 Passage of Golubria      Tloc           0%         N/A       100%        4
 Yara's Violent Unravell  Hex/Tmut       0%         3d3       100%        5


Dungeon Overview and Level Annotations

Branches:
Dungeon (8/15)             Temple (1/1) D:6           Sewer (visited)
   Lair: D:8-11

Altars:
Ashenzari
Cheibriados
Dithmenos
Elyvilon
Fedhas
Gozag
Hepliaklqana
Kikubaaqudgha
Makhleb
Nemelex Xobeh
Okawaru
Qazlal
Ru
Sif Muna
Trog
Uskayaw
Vehumet
Wu Jian
Xom
Yredelemnul
Zin
The Shining One


Innate Abilities, Weirdness & Mutations

You have a pair of horns on your head.
You reflexively headbutt those who attack you in melee.


Message History

You feel sick.
A kobold brigand and a kobold come into view.
The kobold brigand is wielding a +0 whip and quivering curare-tipped darts.
You feel sick.
The kobold brigand shouts!
The kobold shouts!
A kobold comes into view. It is wielding a +0 dagger.
You see here 8 gold pieces.
You feel sick.
You are no longer poisoned.
A kobold comes into view. It is wielding a +0 short sword.
The kobold shouts! x2; You hear a shout!
The kobold throws a stone.
The stone barely misses you.
You see here 8 gold pieces.
The kobold brigand throws a curare-tipped dart.
The curare-tipped dart hits you.
You are poisoned.
You have difficulty breathing.
* * * LOW HITPOINT WARNING * * *
You feel yourself slow down.
A kobold comes into view. It is wielding a +0 whip.
You feel very sick.
The kobold is distracted by your dazzling golden aura.
You feel very sick.
There is a stone staircase leading up here.
You feel very sick.
The kobold brigand throws a curare-tipped dart.
The curare-tipped dart hits you.
You are more poisoned.
You have difficulty breathing.
* * * LOW HITPOINT WARNING * * *
You feel as though you will be slow longer.
The kobold brigand throws a curare-tipped dart.
The curare-tipped dart hits you.
You are more poisoned.
You have difficulty breathing.
* * * LOW HITPOINT WARNING * * *
You feel as though you will be slow longer.
You climb upwards.
You die...
Your body crumbles into a pile of gold.

#.#.........##..#
#...)........#..#
#..............[#
##...[.(....>...########
##......(..............
##.#..........########
#.##.........# #
#.###.....##.## #
#...@.<.......# #
#.............# #
##.#......#.#.# #
#.#......#.#.# #
#.#......#.#.# #
#.#......#.#.#######
#.###..#.#.#.##.....
#............##.####
#.###..#.#.####.#


There were no monsters in sight!

Vanquished Creatures
  An orc warrior (D:6)
  A black bear (D:6)
  2 ogres
  An ice beast (D:7)
  A phantom (D:6)
  A centaur (D:6)
  3 kobold brigands
  2 bullfrogs (D:7)
  6 scorpions
  A water moccasin zombie (D:5)
  A wyvern skeleton (D:5)
  A water moccasin skeleton (D:6)
  3 killer bees (D:8)
  A bullfrog zombie (D:7)
  A centaur zombie (D:5)
  An orc priest (D:4)
  A hound (D:5)
  2 centaur skeletons
  2 iguanas
  2 orc wizards
  A hound skeleton (D:4)
  3 gnolls (D:4)
  7 adders
  A river rat (Sewer)
  2 shadow imps
  A white imp (D:5)
  An ufetubus (D:7)
  An adder skeleton (D:4)
  A worm (D:3)
  A dart slug (D:1)
  13 orcs
  9 ball pythons
  5 endoplasms
  7 giant cockroaches
  20 goblins
  7 hobgoblins
  11 jackals
  14 kobolds
  3 quokkas
  7 bats
  4 frilled lizards
  15 rats
168 creatures vanquished.

Notes
Turn   | Place    | Note
-------+----------+-------------------------------------------
     0 | D:1      | Grim the Minotaur Fighter began the quest for the Orb.
     0 | D:1      | Reached XP level 1. HP: 19/19 MP: 0/0
   142 | D:1      | Reached skill level 3 in Polearms
   226 | D:1      | Reached XP level 2. HP: 26/26 MP: 1/1
   383 | D:1      | Reached skill level 4 in Polearms
   606 | D:1      | Reached XP level 3. HP: 31/31 MP: 2/2
  1218 | D:2      | Reached skill level 5 in Polearms
  1455 | D:3      | Reached XP level 4. HP: 39/39 MP: 3/3
  1690 | D:3      | Identified the +4 long sword "Cakolloe" {vorpal, Drain rF+
                  | rCorr SInv}
  1742 | D:3      | Found a faded altar of an unknown god.
  3009 | D:4      | Reached skill level 6 in Polearms
  3018 | D:4      | Noticed a scorpion
  3026 | D:4      | Killed a scorpion
  3027 | D:4      | Reached XP level 5. HP: 37/45 MP: 4/4
  3173 | D:4      | Reached skill level 7 in Polearms
  3421 | D:4      | Identified the amulet "Soaboit" {RegenMP Rampage Drain
                  | rPois}
  3447 | D:4      | Reached XP level 6. HP: 5/51 MP: 5/5
  3866 | D:4      | Reached skill level 8 in Polearms
  4467 | D:5      | Entered Level 5 of the Dungeon
  4498 | D:5      | Reached skill level 9 in Polearms
  4570 | D:5      | Reached XP level 7. HP: 57/57 MP: 6/6
  4749 | D:5      | Found a glowing drain.
  4759 | Sewer    | Entered a sewer
  4857 | Sewer    | Reached skill level 10 in Polearms
  5016 | Sewer    | Found a white marble altar of Elyvilon.
  5329 | D:5      | Reached skill level 11 in Polearms
  5565 | D:6      | Reached XP level 8. HP: 42/64 MP: 7/7
  5712 | D:6      | Found a staircase to the Ecumenical Temple.
  5752 | D:6      | Reached skill level 12 in Polearms
  5950 | Temple   | Entered the Ecumenical Temple
  6248 | Temple   | Became a worshipper of Gozag Ym Sagoz the Greedy
  6661 | D:6      | Found a bloodstained altar of Trog.
  6950 | D:6      | Reached skill level 13 in Polearms
  8032 | D:7      | Reached skill level 14 in Polearms
  8032 | D:7      | Reached XP level 9. HP: 67/70 MP: 8/8
  8248 | D:7      | Succumbed to a kobold brigand's curare-tipped dart

Illustrated notes

Levels and vault maps discovered:
D:1:      scummos_arrival_simple_crosswalls, layout_rooms
D:2:      cheibrodos_greedy_goblins, layout_loops_ring, grunt_decor_mini_mirrors
D:3:      minmay_chambers_of_threes, layout_basic,
          ebering_ecumenical_altar_ruins, minivault_25,
          wander_ebering_terrifying_dragon_lair
D:4:      layout_cave_pools
D:5:      layout_basic, gup_sewer_entry_bubbles
D:6:      layout_loops_ring, trog_butcher_becter,
          minmay_temple_entry_steel_oval, pf_guarded_unrand_delatra
D:7:      layout_loops_ring
D:8:      argonaut_augean_stables, layout_basic, serial_rivers,
          chequers_serial_rivers_small_b, chequers_serial_rivers_micro_a,
          chequers_serial_rivers_micro_a, chequers_serial_rivers_large_b,
          chequers_serial_rivers_small_a, serial_shops, kennysheep_little_box,
          eino_jars
Temple:   mainiacjoe_temple_archimedes_tessellation

Skill      XL: |  1  2  3  4  5  6  7  8 |
---------------+-------------------------+-----
Polearms       | 3 4 5 6 7 9 11 14 | 14.2
Fighting       | |  3.6
Armour         | |  3.6
Shields        | |  3.6

Action                   |  1- 3 |  4- 6 |  7- 9 || total
-------------------------+-------+-------+-------++-------
Melee: Trident           |   111 |   181 |   280 ||   572
       Headbutt          |    15 |    22 |    38 ||    75
Throw: Throwing net      |       |     1 |       ||     1
  Use: Potion            |       |     3 |     2 ||     5
       Scroll            |       |       |     3 ||     3
 Stab: Held in net/web   |       |     1 |       ||     1
Armor: Scale mail        |    44 |    64 |    63 ||   171
       Chain mail        |       |       |    56 ||    56
Dodge: Dodged            |    37 |    57 |    79 ||   173
Block: Buckler           |    29 |    25 |    52 ||   106

Table legend: (Time is in decaauts)
 A = Elapsed time spent in this place.
 B = Non-inter-level travel time spent in this place.
 C = Inter-level travel time spent in this place.
 D = Time resting spent in this place.
 E = Time spent auto-exploring this place.
 F = Levels seen in this place.
 G = Mean time per level.
                   A        B        C        D        E       F      G
               +--------+--------+--------+--------+--------+-----+--------+
         Total |   8267 |   7867 |    400 |   2189 |   4248 |  10 |  826.7 |
       Dungeon |   7606 |   7245 |    361 |   2079 |   3911 |   8 |  950.8 |
        Temple |    337 |    298 |     39 |      0 |    201 |   1 |  337.0 |
         Sewer |    323 |    323 |      0 |    110 |    136 |   1 |  323.0 |
               +--------+--------+--------+--------+--------+-----+--------+

Top non-repeatable levels by time:
     D:3: 2191 daAuts
     D:6: 1398 daAuts
     D:5: 1006 daAuts
     D:4: 848 daAuts
     D:2: 754 daAuts
     D:1: 692 daAuts
     D:7: 672 daAuts
  Temple: 337 daAuts
   Sewer: 323 daAuts
     D:8: 41 daAuts
